 Dungeon Crawl Stone Soup version 0.24-a0-521-g122614b (webtiles) character file.

Game seed: 7130055615549615958

168 bananamous the Chopper (level 5, -14/70 HPs)
             Began as a Minotaur Berserker on July 28, 2019.
             Was a Believer of Trog.
             Demolished by an orc warrior
             ... wielding a +0 hand axe
              (19 damage)
             ... on level 2 of the Dungeon.
             The game lasted 00:05:31 (1264 turns).

bananamous the Chopper (Minotaur Berserker)         Turns: 1264, Time: 00:05:31

Health: -14/70     AC:  5    Str: 28    XL:     5   Next: 23%
Magic:  4/4        EV: 12    Int:  4    God:    Trog [**....]
Gold:   196        SH:  0    Dex:  9    Spells: 4/4 levels left

rFire    . . .     SeeInvis .   a - +0 hand axe
rCold    . . .     Gourm    .   (no shield)
rNeg     . . .     Faith    .   k - +0 ring mail
rPois    .         Spirit   .   (helmet restricted)
rElec    .         Reflect  .   (no cloak)
rCorr    .         Harm     .   (no gloves)
MR       .....                  (no boots)
Stlth    ..........             (no amulet)
HPRegen  0.21/turn              (no ring)
MPRegen  0.09/turn              (no ring)

@: berserking (expiring), very quick
A: retaliatory headbutt, horns 2
a: Berserk, Trog's Hand, Renounce Religion


You were on level 2 of the Dungeon.
You worshipped Trog.
Trog was pleased with you.
You were hungry.

You visited 1 branch of the dungeon, and saw 2 of its levels.

You collected 196 gold pieces.

Inventory:

Hand Weapons
 a - a +0 hand axe (weapon)
Missiles
 n - a javelin (quivered)
Armour
 b - a +0 animal skin
 j - a +0 leather armour
 k - a +0 ring mail (worn)
Scrolls
 d - 2 scrolls of remove curse {unknown}
 e - a scroll of noise {unknown}
 i - 3 scrolls of identify {unknown}
 l - a scroll of teleportation {unknown}
 o - a scroll of blinking {unknown}
 p - a scroll of fear {unknown}
 q - a scroll of amnesia {unknown}
Potions
 f - 2 potions of curing {unknown}
 g - a potion of degeneration {unknown}
 h - a potion of lignification {unknown}
 m - a potion of might {unknown}
Comestibles
 c - 5 rations


   Skills:
 + Level 4.6 Fighting
 * Level 5.7 Axes
 + Level 0.4 Throwing
 + Level 3.1 Armour
 + Level 3.0 Dodging


You had 4 spell levels left.
You didn't know any spells.
Your spell library was empty.

Dungeon Overview and Level Annotations

Branches:
Dungeon (2/15)

Altars:


Innate Abilities, Weirdness & Mutations

You reflexively headbutt those who attack you in melee.
You have a pair of horns on your head.


Message History

Trog accepts your kill. Something hits you but does no damage.
You closely miss something. You headbutt something!
You hit the orc warrior but do no damage.
You hit the adder.
The orc warrior hits you with a +0 hand axe.
* * * LOW HITPOINT WARNING * * *
The adder bites you but does no damage. Something hits you but does no damage.
You slash something! Trog accepts your kill.
Trog appreciates your killing of a magic user.
Reactivating autopickup.
Your Dodging skill increases to level 3!
You have reached level 5!
You feel a bit more experienced.
You hit the orc warrior. You hit the adder. The adder closely misses you.
You furiously retaliate!
You headbutt the adder!!
You kill the adder!
Trog accepts your kill.
The orc warrior hits you with a +0 hand axe!!
You die...

#.##.....................##
#.##....(..(.....).......#
#)##..............#######
#.##..............###
#.##.................
#.#.................. #.#
#..†.............
#.###).......)o......
#........>..)@†......
#####.........)......
####.#######(.... #.# ....
#.# ... #.# .. .


You could see an orc warrior.

Vanquished Creatures
  An orc priest (D:2)
  An orc wizard (D:2)
  5 adders (D:2)
  3 oozes (D:1)
  4 dart slugs
  A leopard gecko (D:1)
  An orc (D:2)
  6 bats
  2 giant cockroaches
  3 goblins
  7 hobgoblins
  2 jackals (D:1)
  7 kobolds
  A quokka (D:2)
  A frilled lizard (D:1)
  5 rats (D:2)
50 creatures vanquished.

Notes
Turn   | Place    | Note
-------+----------+-------------------------------------------
     0 | D:1      | bananamous the Minotaur Berserker began the quest for the
                  | Orb.
     0 | D:1      | Reached XP level 1. HP: 19/19 MP: 0/0
    86 | D:1      | Reached XP level 2. HP: 21/27 MP: 1/1
   102 | D:1      | Reached skill level 4 in Axes
   392 | D:1      | Reached XP level 3. HP: 31/33 MP: 2/2
   876 | D:1      | Reached ** piety under Trog
  1070 | D:2      | Reached XP level 4. HP: 36/41 MP: 3/3
  1147 | D:2      | Reached skill level 5 in Axes
  1255 | D:2      | Noticed an orc warrior
  1264 | D:2      | Reached XP level 5. HP: 5/47 MP: 4/4
  1264 | D:2      | Demolished by an orc warrior

Levels and vault maps discovered:
D:1:      giann_horns, layout_loops_cross, eino_curves_03
D:2:      layout_basic, uniq_crazy_yiuf_cottage, uniq_robin

Skill      XL: |  1  2  3  4 |
---------------+-------------+-----
Fighting       | 4 |  4.6
Axes           | 4 5 |  5.7
Armour         | 3 |  3.1
Dodging        | 3 |  3.0
Throwing       | |  0.4

Action                   |  1- 3 |  4- 6 || total
-------------------------+-------+-------++-------
Melee: Hand axe          |    52 |    25 ||    77
       Headbutt          |    10 |     5 ||    15
Throw: Javelin           |       |    11 ||    11
Invok: Berserk           |       |     1 ||     1
  Eat: Chunk             |       |     1 ||     1
Armor: Animal skin       |     6 |       ||     6
       Ring mail         |    11 |     7 ||    18
Dodge: Dodged            |    47 |    23 ||    70

Table legend:
 A = Non-vault XP
 B = Vault XP
 C = Vault XP percentage of total XP
 D = Non-vault monster count
 E = Vault monster count
 F = Vault count percentage of total count
                 A         B        C        D         E       F
            +---------+---------+-------+---------+---------+-------
      Total |     240 |       0 |   0.0 |      50 |       0 |   0.0
            +---------+---------+-------+---------+---------+-------
        D:1 |      65 |       0 |   0.0 |      25 |       0 |   0.0
        D:2 |     175 |       0 |   0.0 |      25 |       0 |   0.0
            +---------+---------+-------+---------+---------+-------
